 Dungeon Crawl Stone Soup version 0.19-a0-1260-gc94d3f7 (webtiles) character file.

446 Lindan9 the Shield-Bearer (level 7, 0/56 HPs)
             Began as a Formicid Fighter on Aug 27, 2016.
             Succumbed to a worker ant's poison
             ... on level 4 of the Dungeon on Aug 28, 2016.
             The game lasted 00:13:34 (2796 turns).

Lindan9 the Shield-Bearer (Formicid Fighter)        Turns: 2796, Time: 00:13:34

Health: 0/56       AC: 13    Str: 23    XL:     7   Next: 24%
Magic:  7/7        EV:  6    Int:  7    God:
Gold:   121        SH: 10    Dex: 10    Spells: 0 memorised, 6 levels left

rFire  . . .     SeeInvis +     a - +2 war axe
rCold  . . .     Gourm    .     x - +1 plate armour
rNeg   . . .     Faith    .     c - +0 shield
rPois  .         Spirit   .     (helmet unavailable)
rElec  .         Dismiss  +     (no cloak)
rCorr  +         Reflect  .     (no gloves)
MR     .....     Harm     .     (no boots)
Stlth  ..........               m - amulet of dismissal
                                (no ring)
                                k - ring of resist corrosion

@: lethally poisoned (0 -> -2), glowing
A: permanent stasis, dig shafts and tunnels, four strong arms, antennae 3
a: Dig, Shaft Self


You were on level 4 of the Dungeon.
You were not hungry.

You visited 1 branch of the dungeon, and saw 4 of its levels.

You collected 121 gold pieces.

Inventory:

Hand Weapons
 a - a +2 war axe (weapon)
 o - a +0 dagger
 r - a cursed -2 halberd
Armour
 b - a +1 scale mail
 c - a +0 shield (worn)
 x - a +1 plate armour (worn)
Jewellery
 g - an uncursed amulet of faith
 k - a ring of resist corrosion (left hand)
 m - an amulet of dismissal (around neck)
Wands
 l - a wand of acid (7/15)
 t - a wand of acid (4/15)
Scrolls
 i - 2 scrolls of amnesia
Potions
 d - a potion of might
 e - a potion of invisibility
 f - a potion of flight {unknown}
 h - 3 potions of heal wounds
 j - 2 potions of lignification {unknown}
 q - 3 potions of agility {unknown}
 w - a potion of cancellation {unknown}
Comestibles
 n - a bread ration
 p - a meat ration
 s - a beef jerky
 u - a slice of pizza


   Skills:
 + Level 5.0 Fighting
 + Level 3.5 Axes
 + Level 5.0 Armour
 + Level 1.6 Dodging
 + Level 5.3 Shields


You had 6 spell levels left.
You didn't know any spells.

Dungeon Overview and Level Annotations

Branches:
Dungeon (4/15)
 Temple: D:4-7

Altars:
Ashenzari
Okawaru
Uskayaw

Annotations:
D:4 cybersaint2k's ghost, amateur FoEn


Innate Abilities, Weirdness & Mutations

You are under a permanent stasis effect.
You can dig through walls and to a lower floor.
Your four strong arms can wield two-handed weapons with a shield.
You have a pair of large antennae on your head. (SInv)


Message History

You feel sick.
Cybersaint2k's ghost hits you but does no damage.
You slash cybersaint2k's ghost!
Cybersaint2k's ghost is almost destroyed.
You block cybersaint2k's ghost's attack. x2
You closely miss cybersaint2k's ghost.
Cybersaint2k's ghost is almost destroyed.
You feel sick.
Cybersaint2k's ghost completely misses you.
You hit cybersaint2k's ghost.
Cybersaint2k's ghost is almost destroyed.
Cybersaint2k's ghost points at you and mumbles some strange words.
You fall asleep.
Cybersaint2k's ghost closely misses you.
Cybersaint2k's ghost closely misses you.
Cybersaint2k's ghost hits you!
You wake up.
* * * LOW HITPOINT WARNING * * *
You hit cybersaint2k's ghost.
Cybersaint2k's ghost is almost destroyed.
You die...

.............#
.............# #####
..............# . #...###
..............#.. #.[..(.
................. #...###
..............# #......
.........W....# #......
.........@....######......
...................#......
.......?......####)#......
..............##.).##.#...
......?.......####.##.#...
..............# #.##.####
..............# #....#
..............# ###### .
..............# (


You could see cybersaint2k's ghost.

Vanquished Creatures
  An ogre (D:4)
  Crazy Yiuf (D:2)
  Natasha (twice) (D:2)
  A worker ant (D:4)
  10 gnolls
  6 adders
  2 adder skeletons (D:4)
  A worm (D:3)
  3 dart slugs
  9 giant geckos
  4 orcs (D:3)
  7 bats
  6 giant cockroaches
  7 goblins
  9 hobgoblins
  2 quokkas (D:2)
  3 giant newts
  9 kobolds
  12 rats
95 creatures vanquished.

Notes
Turn   | Place    | Note
-------+----------+-------------------------------------------
     0 | D:1      | Lindan9 the Formicid Fighter began the quest for the Orb.
     0 | D:1      | Reached XP level 1. HP: 18/18 MP: 1/1
   124 | D:1      | Reached XP level 2. HP: 24/24 MP: 2/2
   261 | D:1      | Reached XP level 3. HP: 27/30 MP: 3/3
   625 | D:2      | Reached XP level 4. HP: 26/37 MP: 4/4
   706 | D:2      | Noticed Natasha
   714 | D:2      | Killed Natasha
   714 | D:2      | Reached skill level 1 in Dodging
   735 | D:2      | Reached XP level 5. HP: 32/42 MP: 5/5
   800 | D:2      | Upgraded the game from 0.19-a0-1254-gb9c29c0 to 0.19-a0-1260-gc94d3f7
  1121 | D:2      | Noticed Natasha
  1128 | D:2      | Killed Natasha
  1226 | D:2      | Found a runed door.
  1339 | D:2      | Noticed Crazy Yiuf
  1345 | D:2      | Killed Crazy Yiuf
  1345 | D:2      | Reached XP level 6. HP: 47/49 MP: 6/6
  1556 | D:2      | Found an iron altar of Okawaru.
  1766 | D:3      | Found a shattered altar of Ashenzari.
  2375 | D:3      | Found a hide-covered altar of Uskayaw.
  2564 | D:3      | Reached skill level 5 in Shields
  2627 | D:4      | Noticed an ogre
  2631 | D:4      | Killed an ogre
  2631 | D:4      | Reached XP level 7. HP: 38/55 MP: 7/7
  2736 | D:4      | Reached skill level 5 in Armour
  2745 | D:4      | Reached skill level 5 in Fighting
  2772 | D:4      | Noticed cybersaint2k's ghost (amateur FoEn)
  2795 | D:4      | HP: 1/56 [cybersaint2k's ghost (16)]
  2796 | D:4      | Succumbed to a worker ant's poison

Vault maps used:
D:1:      dpeg_arrival_three_same_balls, minmay_tree_intersection
D:2:      kennysheep_okawaru_gauntlet, uniq_natasha, uniq_crazy_yiuf_cottage
D:3:      old_standard_altar, grunt_decor_mini_mirrors, evilmike_ruin_ashenzari
D:4:      grunt_temple_overflow_champion_of_chaos, kennysheep_mini,
          lemuel_doored_altar, lightli_ossuary_entry_decrepit_ruins,
          uniq_eustachio, uniq_menkaure

Skill      XL: |  1  2  3  4  5  6  7 |
---------------+----------------------+-----
Shields        | 4 5 |  5.3
Fighting       | 4 5 |  5.0
Armour         | 4 5 |  5.0
Dodging        | 1 |  1.6
Axes           | 3 |  3.5

Action                   |  1- 3 |  4- 6 |  7- 9 || total
-------------------------+-------+-------+-------++-------
Melee: War axe           |    98 |   168 |    35 ||   301
  Use: Scroll            |     2 |    11 |       ||    13
  Eat: Bread ration      |       |     2 |       ||     2
Armor: Scale mail        |    55 |    56 |       ||   111
       Plate armour      |       |    10 |    18 ||    28
Dodge: Dodged            |    39 |    52 |    15 ||   106
Block: Shield            |    67 |    90 |    28 ||   185
